 Dungeon Crawl Stone Soup version 0.25-a0-701-gb30f108f01 (console) character file.

Game seed: 17651350996547417445, levelgen mode: classic

47906 Duffy the Fighter (level 14, -8/144 HPs)
             Began as an Ogre Wizard on Apr 3, 2020.
             Was the Champion of Cheibriados.
             Mangled by a death yak (25 damage)
             ... on level 6 of the Lair of Beasts.
             The game lasted 00:33:32 (31377 turns).

Duffy the Fighter (Ogre Wizard)                    Turns: 31377, Time: 00:33:32

Health: -8/144     AC: 11    Str: 31    XL:     14   Next: 44%
Magic:  17/30      EV: 20    Int: 35    God:    Cheibriados [******]
Gold:   3589       SH:  0    Dex: 25    Spells: 12/20 levels left

rFire    . . .     SeeInvis +   a - +9 war axe {pain, Str+2 SInv}
rCold    + . .     Gourm    .   (no shield)
rNeg     . . .     Faith    +   V - +0 acid dragon scales
rPois    +         Spirit   .   w - +0 hat
rElec    .         Reflect  .   v - +0 cloak {rC+}
rCorr    +         Harm     .   (gloves unavailable)
MR       +....                  (boots unavailable)
Stlth    ++........             q - amulet of faith
HPRegen  0.34/turn              u - ring of magical power
MPRegen  0.22/turn              i - ring of poison resistance

@: very slow
A: large, unfitting armour, tough skin 1
a: Bend Time, Temporal Distortion, Slouch, Step From Time, Renounce Religion


You were on level 6 of the Lair of Beasts.
You worshipped Cheibriados.
Cheibriados was exalted by your worship.
You were very hungry.

You visited 3 branches of the dungeon, and saw 19 of its levels.
You also visited: Ossuary and Ice Cave.

You collected 3589 gold pieces.

Inventory:

Hand Weapons
 a - the +9 war axe of Hepliaklqana's Scorn (weapon) {pain, Str+2 SInv}
   (You found it on level 9 of the Dungeon)

   In the hands of one skilled in necromantic magic, it inflicts extra damage on
   living creatures.
   It affects your strength (+2).
   It lets you see invisible.
 b - a +5 dire flail
 E - the +7 trident of Impermanence {flame, Int+4}
   (You found it on level 4 of the Lair of Beasts)

   It has been specially enchanted to burn those struck by it, causing extra
   injury to most foes and up to half again as much damage against particularly
   susceptible opponents.
   It affects your intelligence (+4).
 F - a +0 dire flail of holy wrath
 P - a +2 spear of venom
 R - a +2 vorpal giant spiked club
Missiles
 l - 47 poisoned darts
 m - 394 stones
 N - 6 boomerangs (quivered)
Armour
 p - a +1 robe of cold resistance
 v - a +0 cloak of cold resistance (worn)
 w - a +0 hat (worn)
 V - +0 acid dragon scales (worn)
Magical Staves
 s - an uncursed staff of cold {!a}
Jewellery
 i - a ring of poison resistance (right hand)
 q - an amulet of faith (around neck)
 u - a ring of magical power (left hand)
 B - an uncursed ring of flight
 C - an uncursed ring of resist corrosion
Wands
 e - a wand of scattershot (8)
 f - a wand of iceblast (40)
 y - a wand of enslavement (3)
 z - a wand of digging (7)
 S - a wand of flame (18)
Scrolls
 g - 10 scrolls of remove curse
 k - 8 scrolls of teleportation
 o - a scroll of enchant armour
 r - 2 scrolls of fog
 t - a scroll of immolation
 x - 6 scrolls of fear
 A - 2 scrolls of blinking
 H - a scroll of summoning
 L - 3 scrolls of magic mapping
 Q - a scroll of vulnerability {unknown}
Potions
 c - 4 potions of brilliance
 h - 7 potions of curing
 j - a potion of cancellation
 n - a potion of mutation
 G - 3 potions of stabbing {unknown}
 I - a potion of ambrosia {unknown}
 K - 3 potions of heal wounds {unknown}
 M - a potion of resistance
 O - 2 potions of flight
 T - 8 potions of degeneration {deg, unknown}
Miscellaneous
 J - a tin of tremorstones
Comestibles
 d - 27 rations


   Skills:
 + Level 10.9 Fighting
 + Level 10.6 Maces & Flails
 - Level 10.6 Armour
 - Level 10.8 Dodging
 - Level 1.4 Stealth
 - Level 3.6 Spellcasting
 - Level 0.8 Conjurations
   Level 0.8 Summonings
 - Level 0.8 Translocations
 + Level 9.5 Invocations
 - Level 6.0 Evocations


You had 12 spell levels left.
You knew the following spells:

 Your Spells              Type           Power        Failure   Level  Hunger
j - Spectral Weapon       Hex/Chrm       #.......     17%         3    ##.....
o - Mephitic Cloud        Conj/Pois/Air  #.......     14%         3    ##.....
B - Blink                 Tloc           N/A          6%          2    None

Your spell library contained the following spells:

 Spells                   Type           Power        Failure   Level  Hunger
 Magic Dart               Conj           ##..         3%          1    None
 Freeze                   Ice            #...         5%          1    None
 Infusion                 Chrm           #...         5%          1    None
 Call Imp                 Summ           ##......     6%          2    None
 Shroud of Golubria       Chrm/Tloc      #.....       7%          2    None
 Ensorcelled Hibernation  Hex/Ice        #.....       9%          2    None
 Slow                     Hex            #.......     9%          2    None
 Song of Slaying          Chrm           #.......     9%          2    None
 Conjure Flame            Conj/Fire      #.......     14%         3    ##.....
 Frozen Ramparts          Ice            #.....       17%         3    ##.....
 Ozocubu's Armour         Chrm/Ice       #.......     17%         3    ##.....
 Hailstorm                Conj/Ice       #.......     41%         4    ####...
 Summon Ice Beast         Ice/Summ       #.......     41%         4    ####...
 Irradiate                Conj/Tmut      #.........   77%         5    #####..
 Borgnjor's Vile Clutch   Necr/Erth      #.........   83%         5    #####..
 Silence                  Hex/Air        #.........   83%         5    #####..
 Shadow Creatures         Summ           N/A          99%         6    #######
 Darkness                 Hex            #.........   100%        6    #######
 Hydra Form               Tmut           #.........   100%        6    #######
 Statue Form              Tmut/Erth      #........    100%        6    #######
 Dragon Form              Tmut           #.........   100%        7    #######


Dungeon Overview and Level Annotations

Branches:
Dungeon (12/15)            Temple (1/1) D:6            Lair (6/6) D:9
 Shoals (0/4) Lair:4       Spider (0/4) Lair:2        Slime (0/5) Lair:5
    Orc (0/2) D:12        Ossuary (visited)           IceCv (visited)

Altars:
Ashenzari
Cheibriados
Dithmenos
Elyvilon
Fedhas
Gozag
Hepliaklqana
Kikubaaqudgha
Makhleb
Nemelex Xobeh
Okawaru
Qazlal
Ru
Sif Muna
Trog
Uskayaw
Vehumet
Wu Jian
Xom
Yredelemnul
Zin
The Shining One

Shops:
D:5 (

Annotations:
D:7 Joseph
D:10 exclusion: upstairs
Lair:5 Kirke


Innate Abilities, Weirdness & Mutations

You are too large for most types of armour.
You have tough skin. (AC +1)


Message History

You slice the death yak!!
The death yak is almost dead.
You slash the death yak! The death yak barely misses you.
The death yak completely misses you.
You slice the death yak!!
You kill the death yak!
Cheibriados thoroughly appreciates the change of pace.
You hit the death yak. The death yak gores you!! The death yak gores you!
You are too injured to fight recklessly!
You are too injured to fight recklessly!
You are too injured to fight recklessly!
You can feel time thicken for a moment.
You feel somewhat more hungry. The death yak gores you!
You slash the death yak!
The death yak is almost dead.
The death yak gores you! The crocodile closely misses you.
You hit the death yak but do no damage.
The death yak is almost dead.
You hit the crocodile. The death yak gores you!!
You die...

##..#P..###
..#?#.........
............#
#...P.......# .
#.#.. #.....# ...
###.$# #.....##
#...#...$####P....#
#.....Y..........###
.##
#...#%t@....PP.....#
..#.#
#..%.......#####..##
..... #...#.#...##
#..P### ....
##..####...# ##.##.#
P.# #...# ##...
#....# .P#### ##...#
#...# #....## P....#
#...## ...## ##.#..#
.###.#####...# ..#.
#.#..##
.##...P#.#...# ...
## ##...##


You could see a death yak and a crocodile.

Vanquished Creatures
  A yaktaur captain (D:12)
  Erolcha (D:10)
  2 hydras (Lair:2)
  The ghost of iamserjio the Basher, a journeyman OpCK of Nemelex Xobeh (D:12)
  A catoblepas (Lair:2)
  4 death yaks (Lair:6)
  2 two-headed ogres
  An unseen horror (D:11)
  A necromancer (IceCv)
  3 manticores
  7 elephants
  An ice statue (IceCv)
  A black mamba (Lair:2)
  3 centaur zombies
  10 spiny frogs
  Maggie (D:10)
  10 freezing wraiths (IceCv)
  6 komodo dragons
  6 rime drakes
  2 meliai (Lair:5)
  A wolf spider simulacrum (IceCv)
  9 polar bears
  A troll (D:11)
  16 blink frogs
  8 hippogriffs
  A spriggan (Lair:2)
  A shadow (D:11)
  A wyvern (D:11)
  A wraith (D:10)
  34 yaks
  Eustachio (D:6)
  3 hungry ghosts
  A basilisk (Lair:6)
  A death yak simulacrum (IceCv)
  11 water moccasins
  12 porcupines
  7 ice beasts
  5 sky beasts
  5 orc warriors
  A necrophage (D:12)
  6 black bears
  A phantom (D:12)
  8 ogres
  12 wolves
  4 centaurs
  11 crocodiles
  3 big kobolds
  13 bullfrogs
  A wyvern zombie (D:11)
  A wyvern skeleton (D:9)
  5 scorpions
  A troll zombie (D:12)
  An elephant simulacrum (IceCv)
  23 killer bees
  3 electric eels
  A wight (Ossuary)
  2 howler monkeys
  4 crimson imps
  A bullfrog zombie (D:6)
  6 draconian simulacra (IceCv)
  5 hounds
  2 jellies
  5 orc priests
  2 bullfrog skeletons
  4 iguanas
  9 orc wizards
  6 hell rats (Lair:4)
  5 troll simulacra (IceCv)
  13 worker ants
  4 spriggan simulacra (IceCv)
  A wolf simulacrum (IceCv)
  3 centaur simulacra (IceCv)
  5 ogre zombies (D:12)
  A worker ant zombie (D:11)
  5 gnolls
  9 adders
  2 naga simulacra (IceCv)
  2 shadow imps (D:6)
  11 white imps (IceCv)
  2 adder skeletons (D:6)
  4 worms
  5 dart slugs
  10 leopard geckos
  47 orcs
  6 giant cockroaches
  13 goblins
  8 hobgoblins
  8 jackals
  3 quokkas
  2 ball pythons
  A ball python skeleton (Ossuary)
  7 bats
  9 frilled lizards
  A goblin skeleton (D:12)
  2 goblin zombies
  A hobgoblin skeleton (Ossuary)
  4 hobgoblin zombies
  A jackal skeleton (D:4)
  15 kobolds
  A kobold zombie (Ossuary)
  3 orc skeletons (D:12)
  13 orc zombies
  A quokka skeleton (D:9)
  4 rats
  4 fungi
560 creatures vanquished.

Vanquished Creatures (collateral kills)
  2 wights (Ossuary)
  A crimson imp (D:5)
  2 gnolls
  An adder (D:4)
  9 orcs
  A bat (D:3)
  An orc zombie (Ossuary)
  A quokka skeleton (D:4)
  A rat zombie (D:5)
19 creatures vanquished.

Vanquished Creatures (others)
  An orc warrior (D:8)
  A white imp (IceCv)
  A kobold (D:2)
  9 fungi
  3 plants (Lair:1)
15 creatures vanquished.

Grand Total: 594 creatures vanquished

Notes
Turn   | Place    | Note
-------+----------+-------------------------------------------
     0 | D:1      | Duffy the Ogre Wizard began the quest for the Orb.
     0 | D:1      | Reached XP level 1. HP: 16/16 MP: 5/5
    91 | D:1      | Reached skill level 1 in Fighting
   288 | D:1      | Reached XP level 2. HP: 28/28 MP: 1/6
   652 | D:1      | Reached XP level 3. HP: 19/37 MP: 0/8
   904 | D:1      | Reached skill level 1 in Maces & Flails
  1371 | D:2      | Learned a level 2 spell: Blink
  1374 | D:2      | Learned a level 2 spell: Call Imp
  1378 | D:2      | Learned a level 3 spell: Mephitic Cloud
  1821 | D:2      | Reached XP level 4. HP: 48/48 MP: 4/9
  2024 | D:2      | Found a radiant altar of Vehumet.
  2349 | D:2      | Found a bloodstained altar of Trog.
  2919 | D:2      | Found a stormy altar of Qazlal.
  3193 | D:3      | Reached XP level 5. HP: 33/55 MP: 10/10
  3943 | D:4      | Noticed an ogre
  3960 | D:3      | Reached skill level 5 in Fighting
  4009 | D:3      | Killed an ogre
  4009 | D:3      | Reached XP level 6. HP: 24/66 MP: 3/11
  4380 | D:4      | Found a shattered altar of Ashenzari.
  4832 | D:4      | Found a white marble altar of Elyvilon.
  5124 | D:5      | Entered Level 5 of the Dungeon
  5168 | D:5      | Reached XP level 7. HP: 60/76 MP: 6/12
  5228 | D:5      | Found Jeufoore's Weapon Shoppe.
  5300 | D:5      | Found a sand-covered staircase.
  5318 | Ossuary  | Entered an ossuary
  5952 | Ossuary  | Noticed a wraith
  5952 | Ossuary  | Noticed a flying skull
  5958 | Ossuary  | Noticed a flying skull
  5959 | Ossuary  | Noticed a flying skull
  5972 | Ossuary  | Noticed a flying skull
  7067 | D:6      | Reached skill level 5 in Maces & Flails
  7393 | D:6      | Reached XP level 8. HP: 49/88 MP: 13/13
  7837 | D:6      | Noticed a hippogriff
  7848 | D:6      | Killed a hippogriff
  7947 | D:6      | Found a basalt altar of Yredelemnul.
  7970 | D:6      | Noticed Eustachio
  7991 | D:6      | Killed Eustachio
  8141 | D:6      | Found a staircase to the Ecumenical Temple.
  8149 | Temple   | Entered the Ecumenical Temple
  8242 | Temple   | Became a worshipper of Cheibriados the Contemplative
  8624 | D:6      | Found a sparkling altar of Nemelex Xobeh.
  9847 | D:7      | Noticed a hippogriff
  9861 | D:7      | Killed a hippogriff
  9861 | D:7      | Reached skill level 10 in Fighting
 10141 | D:7      | Noticed Joseph
 10412 | D:7      | Reached skill level 1 in Invocations
 10412 | D:7      | Reached XP level 9. HP: 61/101 MP: 13/14
 10961 | D:7      | Reached * piety under Cheibriados
 11792 | D:8      | Reached ** piety under Cheibriados
 12452 | D:9      | Reached *** piety under Cheibriados
 12554 | D:9      | Found a shadowy altar of Dithmenos.
 12610 | D:9      | Got a brightly glowing war axe
 12611 | D:9      | Identified the +9 war axe of Hepliaklqana's Scorn {pain,
                  | Str+2 SInv} (You found it on level 9 of the Dungeon)
 12888 | D:9      | Found a staircase to the Lair.
 13124 | D:9      | Found an iron altar of Okawaru.
 13124 | D:9      | Found a hazy altar of Hepliaklqana.
 13127 | D:9      | Found a shimmering altar of Xom.
 13178 | D:9      | Reached skill level 5 in Invocations
 13375 | D:9      | Reached XP level 10. HP: 72/110 MP: 15/15
 13541 | D:9      | Reached skill level 5 in Dodging
 13736 | D:9      | Found a shimmering blue altar of Sif Muna.
 13739 | D:9      | Found a hide-covered altar of Uskayaw.
 13759 | D:9      | Reached **** piety under Cheibriados
 13935 | D:10     | Entered Level 10 of the Dungeon
 13954 | D:10     | Noticed Erolcha
 14313 | D:10     | Killed Erolcha
 14452 | D:10     | Noticed Maggie
 14472 | D:10     | Killed Maggie
 14751 | D:10     | Noticed a two-headed ogre
 14864 | D:10     | Killed a two-headed ogre
 15189 | D:10     | Reached XP level 11. HP: 94/118 MP: 17/17
 15801 | D:11     | Noticed a manticore
 15812 | D:11     | Killed a manticore
 15817 | D:11     | Reached ***** piety under Cheibriados
 16225 | D:11     | Learned a level 3 spell: Spectral Weapon
 16231 | D:11     | Noticed an unseen horror
 16244 | D:11     | Killed an unseen horror
 16244 | D:11     | Reached skill level 1 in Armour
 17057 | D:12     | Noticed a two-headed ogre
 17070 | D:12     | Killed a two-headed ogre
 17456 | D:12     | Found a runed translucent door.
 17457 | D:12     | Noticed iamserjio's ghost (journeyman OpCK)
 17704 | D:12     | Found a staircase to the Orcish Mines.
 17830 | D:12     | Reached skill level 10 in Dodging
 17837 | D:12     | Reached ****** piety under Cheibriados
 18101 | D:12     | Reached XP level 12. HP: 126/126 MP: 18/18
 18196 | D:12     | Noticed a yaktaur captain
 18212 | D:12     | Killed iamserjio's ghost
 18212 | D:12     | Reached skill level 5 in Armour
 18543 | D:12     | Killed a yaktaur captain
 18980 | Lair:1   | Entered Level 1 of the Lair of Beasts
 20316 | Lair:2   | Noticed a four-headed hydra
 20776 | Lair:2   | Killed a four-headed hydra
 20958 | Lair:2   | Noticed a catoblepas
 20970 | Lair:2   | Killed a catoblepas
 21613 | Lair:2   | Found a hole to the Spider Nest.
 21885 | Lair:2   | Noticed a four-headed hydra
 21899 | Lair:2   | Killed a four-headed hydra
 21899 | Lair:2   | Reached skill level 10 in Maces & Flails
 21899 | Lair:2   | Reached XP level 13. HP: 59/133 MP: 13/19
 23689 | Lair:4   | Found a frozen archway.
 23702 | IceCv    | Entered an ice cave
 24173 | IceCv    | Reached skill level 10 in Armour
 25336 | IceCv    | Found an ancient bone altar of Kikubaaqudgha.
 26497 | IceCv    | HP: 5/133 [something (11)]
 27401 | Lair:4   | Reached skill level 1 in Evocations
 27719 | Lair:4   | Got a bloodstained trident
 27726 | Lair:4   | Identified the +7 trident of Impermanence {flame, Int+4}
                  | (You found it on level 4 of the Lair of Beasts)
 28255 | Lair:4   | Found a staircase to the Shoals.
 28863 | Lair:5   | Reached XP level 14. HP: 121/143 MP: 20/20
 28975 | Lair:5   | Found a staircase to the Slime Pits.
 29026 | Lair:5   | Reached skill level 5 in Evocations
 29210 | Lair:5   | Identified a scroll of acquirement
 29314 | Lair:5   | Identified the -3 hat "Ossa" {rN+ Str+3} (You acquired it
                  | on level 5 of the Lair of Beasts)
 29314 | Lair:5   | Identified the +4 giant spiked club of the Lumpy Tales
                  | {drain, rF+++ rN++ Str-5 Dex-5} (You acquired it on level 5
                  | of the Lair of Beasts)
 30022 | Lair:5   | Noticed Kirke
 30023 | Lair:6   | Entered Level 6 of the Lair of Beasts
 31377 | Lair:6   | Mangled by a death yak

Levels and vault maps discovered:
D:1:      matt_arrival_refuge, layout_basic, minmay_pentomino_v2
D:2:      minmay_chambers_of_ones, layout_basic, bloody_trog, vehumet_crystals,
          first_ration, grunt_qazlal_clouds
D:3:      layout_rooms
D:4:      layout_rooms, ashenzari_altar_1, kennysheep_mini_moat
D:5:      layout_cave_pools, enter_ossuary_4, serial_shops, shop
D:6:      layout_layer_cave, yredelemnul_altar_generic, lemuel_crystal_altar,
          minmay_temple_entry_grid, uniq_eustachio
D:7:      layout_loops_corners, serial_aquarium, aquarium_bridge_straight
          [aquarium_subvault_bridge, aquarium_subvault_wall,
          aquarium_subvault_bridge, aquarium_subvault_window],
          aquarium_bridge_long_separate [aquarium_subvault_balcony,
          aquarium_subvault_window, aquarium_subvault_bridge,
          aquarium_subvault_window, aquarium_subvault_bridge,
          aquarium_subvault_window], aquarium_window_fake, aquarium_window_fake,
          aquarium_window_2, aquarium_view_2g, water_boxes_lemuel, uniq_joseph
D:8:      layout_rooms, special_room [special_room_orc]
D:9:      layout_irregular_city, nicolae_dithmenos_the_darkroom,
          nicolae_overflow_hidden_temple, lair_entry_dummy, blue_anna_alchemist
          [blue_anna_fruit_fields, blue_anna_fruit_fields]
D:10:     layout_cave_pools, kennysheep_opposing_triangles, uniq_erolcha,
          uniq_maggie
D:11:     layout_roguey
D:12:     layout_loops_ring, zombieorc1_lemuel, ebering_ghost_inner_flame
Temple:   cyrus_temple_forest
Lair:1:   statuecave_lemuel, layout_chaotic_city, grunt_megastairs_4
Lair:2:   layout_hall_layers, nicolae_spider_entry_non_spiders,
          grunt_forest_stairs_clearing, grunt_megastairs_3, serial_bayou_shore_b
Lair:3:   beast_lair_carwin_large_1, layout_regular_city,
          chequers_serial_rivers_micro_d, patterned_corridor
Lair:4:   layout_long_grid, minmay_shoals_entry_beasts, portal_ice_cave_rime
Lair:5:   regret_index_bee_streams, layout_cave_pods, dpeg_slime_entry_corner,
          uniq_kirke
Lair:6:   evil_forest, layout_loops_ring, uniq_rupert, uniq_nessos

Skill      XL: |  1  2  3  4  5  6  7  8  9 10 11 12 13 14 |
---------------+-------------------------------------------+-----
Fighting       | 2 3 4 5 6 8 10 | 10.9
Maces & Flails | 1 2 3 4 5 6 7 8 10 | 10.6
Dodging        | 2 4 7 10 | 10.8
Invocations    | 1 5 8 9 |  9.5
Armour         | 4 7 10 | 10.6
Evocations     | 4 6 |  6.0
Stealth        | |  1.4
Spellcasting   | |  3.6
Conjurations   | |  0.8
Summonings     | |  0.8
Translocations | |  0.8

Action                   |  1- 3 |  4- 6 |  7- 9 | 10-12 | 13-15 || total
-------------------------+-------+-------+-------+-------+-------++-------
Melee: Spear             |    52 |   150 |   105 |       |       ||   307
       Dire flail        |       |       |   207 |     9 |     5 ||   221
       War axe           |       |       |    42 |   570 |   554 ||  1166
 Cast: Magic Dart        |   103 |    37 |    10 |    20 |       ||   170
       Call Imp          |       |    39 |    49 |       |       ||    88
       Mephitic Cloud    |       |       |     2 |    16 |       ||    18
       Blink             |       |       |     1 |     1 |       ||     2
Invok: Slouch            |       |       |       |     1 |     9 ||    10
Evoke: Wand              |       |       |     8 |     9 |     9 ||    26
       Tin of tremorston |       |       |       |       |     1 ||     1
  Use: Potion            |       |     1 |       |       |     1 ||     2
       Scroll            |       |       |    11 |    11 |    12 ||    34
 Stab: Sleeping          |       |     3 |     2 |     5 |     5 ||    15
       Distracted        |       |       |     1 |     1 |     3 ||     5
       Confused          |       |       |       |     9 |       ||     9
       Petrified         |       |       |       |     4 |       ||     4
  Eat: Chunk             |     2 |    12 |    15 |    18 |     7 ||    54
       Ration            |       |       |     3 |       |     2 ||     5
Armor: Robe              |    14 |    30 |    70 |     6 |     2 ||   122
       Acid dragon scale |       |       |       |   104 |   179 ||   283
       Skin              |       |       |       |       |    73 ||    73
Dodge: Dodged            |    25 |    70 |   164 |   533 |   818 ||  1610

Table legend:
 A = Non-vault XP
 B = Vault XP
 C = Vault XP percentage of total XP
 D = Non-vault monster count
 E = Vault monster count
 F = Vault count percentage of total count
                 A         B        C        D         E       F
            +---------+---------+-------+---------+---------+-------
      Total |   44920 |   23518 |  34.4 |     377 |     200 |  34.7
            +---------+---------+-------+---------+---------+-------
        D:1 |      57 |       4 |   6.6 |      28 |       2 |   6.7
        D:2 |      76 |       9 |  10.6 |      26 |       5 |  16.1
        D:3 |     192 |       0 |   0.0 |      26 |       0 |   0.0
        D:4 |     171 |       0 |   0.0 |      13 |       0 |   0.0
        D:5 |     379 |       2 |   0.5 |      14 |       2 |  12.5
        D:6 |     780 |     194 |  19.9 |      18 |       1 |   5.3
        D:7 |     672 |       0 |   0.0 |      10 |       0 |   0.0
        D:8 |     693 |     287 |  29.3 |      22 |      25 |  53.2
        D:9 |    2730 |      97 |   3.4 |      33 |       1 |   2.9
       D:10 |     442 |    2391 |  84.4 |       6 |       4 |  40.0
       D:11 |    3676 |       0 |   0.0 |      35 |       0 |   0.0
       D:12 |    4660 |    2749 |  37.1 |      27 |      31 |  53.4
     Lair:1 |    3379 |     751 |  18.2 |      19 |       4 |  17.4
     Lair:2 |    7134 |    1388 |  16.3 |      23 |      15 |  39.5
     Lair:3 |    3781 |    1831 |  32.6 |      17 |       9 |  34.6
     Lair:4 |    6944 |    1515 |  17.9 |      29 |       4 |  12.1
     Lair:5 |    1939 |    5377 |  73.5 |       8 |      33 |  80.5
     Lair:6 |    7215 |       0 |   0.0 |      23 |       0 |   0.0
    Ossuary |       0 |     120 | 100.0 |       0 |      10 | 100.0
      IceCv |       0 |    6803 | 100.0 |       0 |      54 | 100.0
            +---------+---------+-------+---------+---------+-------
